 Dungeon Sprint DCSS version 0.22.1-1-ga44c0e56f4 (webtiles) character file.

1129 MuseOD the Covert (level 8, -1/46 HPs)
             Began as a Spriggan Enchanter on Sept 28, 2018.
             Was a Believer of Dithmenos.
             Slain by a two-headed ogre
             ... wielding a +0 giant club
              (25 damage)
             ... in the Dungeon (Sprint III: "The Ten Rune Challenge").
             The game lasted 00:03:05 (674 turns).

MuseOD the Covert (Spriggan Enchanter)               Turns: 674, Time: 00:03:07

Health: -1/46      AC:  3    Str:  4    XL:     8   Next: 13%
Magic:  5/15       EV: 18    Int: 18    God:    Dithmenos [**....]
Gold:   37         SH:  0    Dex: 17    Spells: 6/15 levels left

rFire    . . .     SeeInvis +   q - +2 dagger (venom)
rCold    + . .     Gourm    .   (shield restricted)
rNeg     . . .     Faith    .   b - +0 robe
rPois    .         Spirit   .   (helmet restricted)
rElec    .         Reflect  .   p - +0 cloak
rCorr    .         Harm     .   (gloves unavailable)
MR       +....     NoTele   +   (boots unavailable)
Stlth    +++++++...             (no amulet)
HPRegen  0.15/turn              (no ring)
MPRegen  0.14/turn              (no ring)

@: wreathed by umbra, very quick
A: very small, unfitting armour, see invisible, cold resistance 1, herbivore,
speed 3, slow metabolism 2, MP-powered wands
a: Shadow Step, Renounce Religion


You were in the Dungeon.
You worshipped Dithmenos.
Dithmenos was pleased with you.
You were not hungry.

You visited 1 branch You collected 37 gold pieces.

Inventory:

Hand Weapons
 a - a +1 dagger
 q - a +2 dagger of venom (weapon)
Armour
 b - a +0 robe (worn)
 p - a +0 cloak (worn)
Scrolls
 i - 2 scrolls of holy word {unknown}
 j - a scroll of blinking
 k - 3 scrolls of identify
 l - a scroll of random uselessness {unknown}
 n - a scroll of remove curse {unknown}
Potions
 c - a potion of berserk rage
 e - a potion of curing
 f - 2 potions of heal wounds
 g - a potion of haste
 h - 2 potions of magic
 m - a potion of might
 o - 2 potions of flight
Comestibles
 d - 4 rations


   Skills:
 + Level 7.4 Fighting
 + Level 13.1 Short Blades
 - Level 3.0 Dodging
 + Level 13.9 Stealth
 + Level 4.2 Spellcasting
 + Level 3.9 Hexes


You had 6 spell levels left.
You knew the following spells:

 Your Spells              Type           Power        Failure   Level  Hunger
a - Corona                Hex            ###....      2%          1    None
b - Ensorcelled Hibernat  Hex/Ice        ##....       10%         2    ##.....
c - Confuse               Hex            ###.....     9%          3    ###....
d - Dazzling Spray        Conj/Hex       ##....       19%         3    ###....

Your spell library contained the following spells:

 Spells                   Type           Power        Failure   Level  Hunger
 Confusing Touch          Hex            ###...       2%          1    None
 Slow                     Hex            ###.....     4%          2    ##.....
 Tukima's Dance           Hex            ###.....     9%          3    ###....
 Animate Skeleton         Necr           N/A          14%         1    None
 Apportation              Tloc           #.....       14%         1    None
 Magic Dart               Conj           #...         14%         1    None
 Summon Small Mammal      Summ           #...         14%         1    None
 Blink                    Tloc           N/A          22%         2    ##.....
 Call Imp                 Summ           #.......     22%         2    ##.....
 Conjure Flame            Conj/Fire      #.......     41%         3    ###....
 Mephitic Cloud           Conj/Pois/Air  #.......     41%         3    ###....


Dungeon Overview and Level Annotations

Branches:
Dungeon (1/1)

Altars:
Dithmenos
Elyvilon
Kikubaaqudgha
Okawaru
Ru
Sif Muna
Trog
Uskayaw
Vehumet
Wu Jian
Yredelemnul
Zin
The Shining One
Beogh


Innate Abilities, Weirdness & Mutations

You are very small and have problems with some larger weapons.
You are too small for most types of armour.
You have supernaturally acute eyesight. (SInv)
You are a herbivore.
You cover ground extremely quickly.
You need to consume almost no food.
Your flesh is cold resistant. (rC+)
You expend magic power (3 MP) to strengthen your wands.


Message History

Confirm with . or Enter, or press ? or * to list all spells.
Aiming: Confuse (safe; 9% risk of failure)
Press: ? - help, Shift-Dir - straight line, f - two-headed ogre
Aim: a two-headed ogre, wielding two giant clubs (moderately wounded, umbra, The two-headed ogre easily resists.
Casting: Confuse (safe; 9% risk of failure)
Confirm with . or Enter, or press ? or * to list all spells.
Aiming: Confuse (safe; 9% risk of failure)
Press: ? - help, Shift-Dir - straight line, f/p - two-headed ogre
Aim: a two-headed ogre, wielding two giant clubs (moderately wounded, umbra, The two-headed ogre easily resists.
The two-headed ogre hits you with a giant club!!
The two-headed ogre completely misses you.
You hit the two-headed ogre but do no damage.
The two-headed ogre is poisoned.
The two-headed ogre is moderately wounded.
The two-headed ogre misses you.
The two-headed ogre hits you with a giant club!!
Ouch! That really hurt!
You die...

..#)..#__)#._#
♣.###'#'###'##
♣.#..........#
E.+.⌠........#
..#...######'#
..#.⌠.#
#...#+#### #
..#...#
#...#....#.#
..#'###
#...##.#OO#
..#.)[#
#...'##@#.#
..#___#
+...#...#..#
▓▓▓▓▓▓▓
▓▓▓▓▓▓▓▓▓▓▓▓


You could see 2 two-headed ogres.

Vanquished Creatures
  A deep elf mage (D)
  A shadow (D)
  A necrophage (D)
  A two-headed ogre (D)
  Crazy Yiuf (D)
  A jelly (D)
  A wizard (D)
  A necromancer (D)
  3 humans (D)
  A kobold demonologist (D)
  An ooze (D)
  3 rats (D)
16 creatures vanquished.

Vanquished Creatures (others)
  2 draconian scorchers (D)
  6 hellions (D)
  A yaktaur (D)
9 creatures vanquished.

Grand Total: 25 creatures vanquished

Notes
Turn   | Place    | Note
-------+----------+-------------------------------------------
     0 | D        | MuseOD the Spriggan Enchanter began the quest for the Orb.
     0 | D        | Reached XP level 1. HP: 9/9 MP: 5/5
    10 | D        | Reached skill level 1 in Fighting
    10 | D        | Reached skill level 5 in Stealth
    58 | D        | Reached XP level 2. HP: 13/15 MP: 6/6
    84 | D        | Killed a yaktaur
    88 | D        | Learned a level 2 spell: Ensorcelled Hibernation
   117 | D        | Killed a hellion
   132 | D        | Noticed Crazy Yiuf
   139 | D        | Killed Crazy Yiuf
   139 | D        | Reached skill level 5 in Short Blades
   139 | D        | Reached XP level 3. HP: 17/19 MP: 8/8
   171 | D        | Noticed a water elemental
   175 | D        | Killed a hellion
   178 | D        | Killed a hellion
   201 | D        | Killed a hellion
   237 | D        | Killed a hellion
   239 | D        | Killed a hellion
   254 | D        | Killed a white draconian scorcher
   275 | D        | Killed a white draconian scorcher
   338 | D        | Found a basalt altar of Yredelemnul.
   338 | D        | Found a shadowy altar of Dithmenos.
   338 | D        | Found a sacrificial altar of Ru.
   338 | D        | Noticed a necrophage
   338 | D        | Noticed a necromancer
   341 | D        | Gained mutation: You are clumsy. (Dex -2) [potion of
                  | mutation]
   341 | D        | Gained mutation: Armour fits poorly on your strangely
                  | shaped body. [potion of mutation]
   341 | D        | Gained mutation: Your spells are a little harder to cast,
                  | but a little more powerful. [potion of mutation]
   342 | D        | Lost mutation: You are clumsy. (Dex -2) [potion of
                  | mutation]
   342 | D        | Lost mutation: Armour fits poorly on your strangely shaped
                  | body. [potion of mutation]
   342 | D        | Lost mutation: Your spells are a little harder to cast, but
                  | a little more powerful. [potion of mutation]
   342 | D        | Gained mutation: You expend magic power (3 MP) to
                  | strengthen your wands. [potion of mutation]
   342 | D        | Gained mutation: You have sharp toenails. [potion of
                  | mutation]
   342 | D        | Gained mutation: Your mind is acute. (Int +2) [potion of
                  | mutation]
   343 | D        | Lost mutation: Your mind is acute. (Int +2) [potion of
                  | mutation]
   343 | D        | Lost mutation: You expend magic power (3 MP) to strengthen
                  | your wands. [potion of mutation]
   343 | D        | Lost mutation: You have sharp toenails. [potion of
                  | mutation]
   343 | D        | Gained mutation: Your muscles are strong. (Str +2) [potion
                  | of mutation]
   343 | D        | Gained mutation: You tend to lose your temper in combat.
                  | [potion of mutation]
   343 | D        | Gained mutation: Your flesh is cold resistant. (rC+)
                  | [potion of mutation]
   359 | D        | Killed a necromancer
   359 | D        | Reached XP level 4. HP: 9/24 MP: 9/9
   365 | D        | Killed a necrophage
   365 | D        | Reached XP level 5. HP: 8/29 MP: 10/10
   393 | D        | Lost mutation: You tend to lose your temper in combat.
                  | [potion of mutation]
   393 | D        | Lost mutation: Your muscles are strong. (Str +2) [potion of
                  | mutation]
   393 | D        | Lost mutation: Your flesh is cold resistant. (rC+) [potion
                  | of mutation]
   393 | D        | Gained mutation: You have large cloven feet. [potion of
                  | mutation]
   393 | D        | Gained mutation: Your flesh is heat resistant. (rF+)
                  | [potion of mutation]
   394 | D        | Lost mutation: Your flesh is heat resistant. (rF+) [potion
                  | of mutation]
   394 | D        | Lost mutation: You have large cloven feet. [potion of
                  | mutation]
   394 | D        | Gained mutation: Your flesh is cold resistant. (rC+)
                  | [potion of mutation]
   394 | D        | Gained mutation: You expend magic power (3 MP) to
                  | strengthen your wands. [potion of mutation]
   397 | D        | Became a worshipper of Dithmenos the Shadowed
   541 | D        | Found a hide-covered altar of Uskayaw.
   541 | D        | Found an iron altar of Okawaru.
   542 | D        | Found a roughly hewn altar of Beogh.
   542 | D        | Found a bloodstained altar of Trog.
   542 | D        | Found an ornate altar of the Wu Jian Council.
   542 | D        | Noticed a human
   542 | D        | Noticed a human
   544 | D        | Killed a human
   544 | D        | Reached skill level 5 in Fighting
   544 | D        | Reached skill level 10 in Stealth
   544 | D        | Reached XP level 6. HP: 27/35 MP: 11/11
   545 | D        | Killed a human
   555 | D        | Found a glowing silver altar of Zin.
   556 | D        | Found a glowing golden altar of the Shining One.
   556 | D        | Found a white marble altar of Elyvilon.
   556 | D        | Noticed a deep elf mage
   558 | D        | Killed a deep elf mage
   558 | D        | Reached * piety under Dithmenos
   558 | D        | Reached XP level 7. HP: 34/42 MP: 12/12
   618 | D        | Found a radiant altar of Vehumet.
   618 | D        | Found a deep blue altar of Sif Muna.
   618 | D        | Found an ancient bone altar of Kikubaaqudgha.
   635 | D        | Learned a level 3 spell: Confuse
   639 | D        | Learned a level 3 spell: Dazzling Spray
   651 | D        | Noticed a shadow
   653 | D        | Killed a shadow
   653 | D        | Reached ** piety under Dithmenos
   653 | D        | Reached XP level 8. HP: 46/46 MP: 12/14
   674 | D        | Slain by a two-headed ogre

Skill      XL: |  1  2  3  4  5  6  7  8 |
---------------+-------------------------+-----
Fighting       | 2 3 4 5 7 |  7.4
Short Blades   | 4 5 6 8 9 12 13 | 13.1
Stealth        | 6 7 9 10 13 | 13.9
Spellcasting   | 3 4 |  4.2
Dodging        | |  3.0
Hexes          | |  3.9

Action                   |  1- 3 |  4- 6 |  7- 9 || total
-------------------------+-------+-------+-------++-------
Melee: Dagger            |    33 |     9 |     7 ||    49
 Cast: Confuse           |       |       |     3 ||     3
  Use: Potion            |     5 |     2 |       ||     7
 Stab: Sleeping          |     4 |     3 |     4 ||    11
       Confused          |       |       |     1 ||     1
Armor: Robe              |     3 |       |       ||     3
Dodge: Dodged            |    27 |     2 |     6 ||    35
